 Dungeon Crawl Stone Soup version 0.19.5 (webtiles) character file.

163945 Azzok the Crack Shot (level 17, -30/159 (160) HPs)
             Began as a Minotaur Fighter on July 4, 2017.
             Was a High Priest of Okawaru.
             Killed by the raging water
             ... invoked by a water nymph
              (36 damage)
             ... on level 4 of the Shoals on July 5, 2017.
             The game lasted 01:41:25 (38547 turns).

Azzok the Crack Shot (Minotaur Fighter)            Turns: 38547, Time: 01:41:26

HP:   -30/159 (160) AC: 21    Str: 23    XL:     17   Next: 24%
MP:   23/23         EV:  8    Int:  5    God:    Okawaru [*****.]
Gold: 2938          SH:  0    Dex: 19    Spells: 4 memorised, 6 levels left

rFire  + . .     SeeInvis .     b - +9 longbow (flame)
rCold  + + .     Gourm    .     h - +4 chain mail {rF+}
rNeg   . . .     Faith    .     (shield currently unavailable)
rPois  +         Spirit   .     E - +1 hat {MR+}
rElec  .         Reflect  .     V - +2 cloak {MR+}
rCorr  .         Harm     .     G - +1 pair of gloves
MR     +++..                    Z - +0 pair of boots
Stlth  ..........               O - amulet "Kapenuy" {+Rage rC+ Dex+4}
                                C - ring of flight
                                J - ring of poison resistance

@: lethally poisoned (-30 -> -31), flying
A: retaliatory headbutt, horns 2, rugged brown scales 1, cold resistance 1
a: Heroism, Finesse, Renounce Religion, Evoke Berserk Rage, Stop Flying


You were on level 4 of the Shoals.
You worshipped Okawaru.
Okawaru was extremely pleased with you.
You were not hungry.

You visited 6 branches of the dungeon, and saw 29 of its levels.
You also visited: Labyrinth and Ice Cave.

You collected 3960 gold pieces.
You spent 1022 gold pieces at shops.

Inventory:

Hand Weapons
 a - the +8 glaive of the Guard {elec, +Rage AC+5 SInv}
   (You found it on level 14 of the Dungeon)

   Occasionally, upon striking a foe, it will discharge some electrical energy
   and cause terrible harm.
   It affects your AC (+5).
   It lets you see invisible.
   It lets you go berserk.
 b - a +9 longbow of flaming (weapon)
Missiles
 e - 711 arrows (quivered)
Armour
 h - a +4 chain mail of fire resistance (worn)
 E - a +1 hat of magic resistance (worn)
 G - a +1 pair of gloves (worn)
 V - a +2 cloak of magic resistance (worn)
 Z - a +0 pair of boots (worn)
Jewellery
 i - an uncursed ring of protection from magic
 y - a +4 amulet of reflection
 B - an uncursed ring of protection from cold
 C - a ring of flight (right hand)
 J - a ring of poison resistance (left hand)
 O - the amulet "Kapenuy" (around neck) {+Rage rC+ Dex+4}
   (You acquired it on level 1 of the Depths)

   [amulet of rage]

   It affects your dexterity (+4).
   It protects you from cold.
   It lets you go berserk.
 W - an uncursed ring of fire
 X - the ring of Caasos {rCorr rElec Int+3}
   (You found it in an ice cave)

   [ring of resist corrosion]

   It affects your intelligence (+3).
   It insulates you from electricity.
Wands
 q - a wand of digging (12/24)
 x - a wand of flame (17/48)
 Q - a wand of teleportation (2/9)
Scrolls
 c - 3 scrolls of identify
 k - 14 scrolls of remove curse
 r - 4 scrolls of blinking
 u - 11 scrolls of teleportation
 w - 4 scrolls of fog
 F - 4 scrolls of fear
 H - 2 scrolls of magic mapping
Potions
 d - 3 potions of might
 g - 15 potions of curing
 j - 11 potions of heal wounds
 m - 2 potions of berserk rage {unknown}
 n - a potion of lignification {unknown}
 s - a potion of magic {unknown}
 v - 10 potions of agility {unknown}
 D - 3 potions of resistance {unknown}
 S - 7 potions of flight {unknown}
Miscellaneous
 t - a fan of gales
Comestibles
 f - 25 bread rations {@e1}
 l - 7 chunks of flesh {@w0}
 o - 6 slices of pizza
 p - 12 meat rations {@e2}
 L - 7 fruits
 N - 3 beef jerkies
 U - 17 royal jellies


   Skills:
 - Level 15.1 Fighting
   Level 2.4 Long Blades
 + Level 26.0 Bows
 - Level 3.6 Armour
   Level 3.6 Shields
 - Level 10.0 Invocations


You had 6 spell levels left.
You knew the following spells:

 Your Spells              Type           Power        Failure   Level  Hunger
a - Blink                 Tloc           N/A          100%        2    ###....
b - Repel Missiles        Chrm/Air       #.....       100%        2    ###....
c - Swiftness             Chrm/Air       #.......     100%        2    ###....
d - Passage of Golubria   Tloc           N/A          100%        4    #####..


Dungeon Overview and Level Annotations

Branches:
Dungeon (15/15)            Temple (1/1) D:6            Lair (6/6) D:8
 Shoals (4/4) Lair:2       Spider (0/4) Lair:3        Slime (0/5) Lair:5
    Orc (2/2) D:10            Elf (0/3) Orc:2        Vaults (0/5) D:13
 Depths (1/5) D:15

Altars:
Ashenzari
Cheibriados
Dithmenos
Elyvilon
Fedhas
Kikubaaqudgha
Makhleb
Nemelex Xobeh
Okawaru
Qazlal
Ru
Sif Muna
Trog
Uskayaw
Xom
Zin
The Shining One
Beogh
Jiyva

Shops:
D:6 }   Orc:2 !=?*   Shoals:1 (   Shoals:3 =


Innate Abilities, Weirdness & Mutations

You reflexively headbutt those who attack you in melee.
You have a pair of horns on your head.
You are partially covered in rugged brown scales. (AC +1, +3% HP)
Your flesh is cold resistant. (rC+)


Message History

Press: ? - help, Shift-Dir - straight line, f/p - water nymph
Aim: a water nymph (almost dead)
You shoot an arrow. The arrow hits the water nymph!
The arrow burns the water nymph.
You kill the water nymph!
Okawaru accepts your kill.
Firing (i - inventory):
e - 713 arrows (quivered)
Press: ? - help, Shift-Dir - straight line, f - water nymph
Aim: a water nymph (severely wounded)
You shoot an arrow. The arrow misses the water nymph.
You feel sick.
You take 1 damage, and have 5/159 hp.
Firing (i - inventory):
e - 712 arrows (quivered)
Press: ? - help, Shift-Dir - straight line, f/p - water nymph
Aim: a water nymph (severely wounded)
You shoot an arrow. The arrow hits the water nymph!
The arrow burns the water nymph.
The water nymph is almost dead.
The water nymph points at you and mumbles some strange words.
The water rises up and strikes you!
You die...

········▒ ▒▒·≈≈≈≈≈≈≈
·······P▒ ▒▒▒··≈▒▒▒▒▒≈
···▒▒▒▒▒▒▒▒···≈▒▒ ··▒▒
▒P····≈▒ ··▒ ▒·≈≈≈≈≈▒ ▒
··╬ ▒·≈·≈≈≈▒ ≈▒ ··▒
▒···≈≈≈▒▒ (▒ ··▒▒
▒▒···≈≈≈≈▒▒m▒▒···
··(▒▒▒▒▒[≈≈≈≈≈≈≈@(····(P
≈·······≈≈≈≈≈≈≈≈≈······P
≈···≈≈≈)≈≈≈≈≈≈≈≈≈·······
≈···≈≈≈≈≈≈≈≈≈≈≈≈≈·······
≈≈≈≈≈≈≈≈≈≈≈≈≈≈≈≈≈·······
≈≈≈≈≈≈≈≈≈≈≈≈≈≈≈≈≈≈······
≈≈≈≈≈≈≈≈≈≈≈≈≈≈≈≈≈≈≈≈≈≈≈≈
≈≈≈≈≈≈≈≈≈≈≈≈≈≈≈≈≈≈≈≈≈≈≈≈
≈≈≈≈≈≈≈≈≈≈≈≈≈≈≈≈


You could see a water nymph.

Vanquished Creatures
  Rupert (Orc:2)
  Frances (D:13)
  Ilsuiw (Shoals:3)
  An orc warlord (Orc:2)
  A white draconian (IceCv)
  A deep elf annihilator (D:12)
  The ghost of Azzok the Marksminotaur, a journeyman MiFi of Okawaru (IceCv)
  2 merfolk javelineers (Shoals:4)
  A minotaur (Lab)
  8 merfolk impalers
  A yaktaur captain (D:15)
  A fire dragon (Lair:6)
  A rakshasa (D:13)
  An ice dragon (D:12)
  A vault guard (D:13)
  6 hydras
  3 catoblepae
  8 centaur warriors
  2 merfolk avatars
  2 merfolk aquamancers (Shoals:3)
  A satyr (Shoals:3)
  2 tengu warriors
  An alligator snapping turtle (Shoals:1)
  5 orc high priests (Orc:2)
  2 death yaks
  The ghost of tognito the Severer, a novice MiBe of Trog (D:11)
  A skeletal warrior (D:12)
  5 unseen horrors
  An obsidian statue (D:14)
  5 hill giants
  8 sea snakes
  7 orc knights
  12 harpies
  A lindwurm (Lair:6)
  19 ugly things
  4 fauns (Shoals:3)
  7 orc sorcerers
  A deep elf mage (D:15)
  6 cyclopes
  11 manticores
  An ice statue (IceCv)
  6 black mambas
  6 sirens
  An elephant (D:8)
  6 torpor snails (Lair:6)
  4 water nymphs
  4 gargoyles
  10 spiny frogs
  8 komodo dragons
  A yaktaur (D:15)
  3 centaur skeletons
  4 rime drakes
  An efreet (D:13)
  A freezing wraith (D:14)
  A kobold demonologist (D:13)
  2 tengu conjurers
  8 trolls
  2 wind drakes
  10 hornets
  26 polar bears
  7 two-headed ogres
  8 blink frogs
  A jumping spider (shapeshifter) (D:13)
  23 merfolk
  4 tyrant leeches (Lair:6)
  16 slime creatures
  14 hippogriffs
  Grinder (D:3)
  2 raiju (Lair:6)
  A meliai zombie (D:13)
  9 snapping turtles
  14 dream sheep
  A redback (Lab)
  3 shadows
  9 water elementals
  Sigmund (D:4)
  4 wyverns
  2 wraiths
  A vampire (D:14)
  A yak (shapeshifter) (D:15)
  2 basilisks
  3 steam dragons
  5 hungry ghosts
  56 yaks
  Edmund (D:4)
  A soldier ant (D:10)
  2 mottled dragons
  8 wargs
  12 water moccasins
  Duvessa (D:5)
  8 hell hounds (Lair:6)
  2 sky beasts
  15 porcupines
  53 orc warriors
  A black bear (shapeshifter) (D:12)
  8 ice beasts
  2 phantoms
  17 ogres
  13 black bears (Lair:6)
  3 eyes of draining
  2 necrophages
  35 wolves
  A boggart (D:12)
  17 centaurs
  8 crocodiles
  2 big kobolds
  19 bullfrogs
  2 gnoll sergeants
  Dowan (D:5)
  5 scorpions
  A wyvern skeleton (D:12)
  10 killer bees
  3 howler monkeys
  An electric eel (D:14)
  4 bullfrog zombies
  9 crimson imps
  A quasit (D:13)
  5 centaur zombies
  40 orc priests
  20 hounds
  3 jellies
  Crazy Yiuf (D:7)
  A bullfrog skeleton (D:13)
  5 iguanas
  12 worker ants
  24 orc wizards
  A bullfrog simulacrum (D:13)
  2 howler monkey zombies
  A worker ant zombie (D:6)
  2 howler monkey skeletons
  7 adders
  14 gnolls
  2 shadow imps
  A white imp (D:14)
  4 ufetubi (D:14)
  An ooze (D:2)
  3 worms
  7 leopard geckos
  131 orcs
  2 giant cockroaches (D:3)
  7 goblins
  6 hobgoblins
  33 jackals
  32 kobolds
  5 quokkas
  3 ball pythons
  13 bats
  4 frilled lizards
  2 jackal skeletons (D:4)
  A leopard gecko skeleton (D:8)
  12 rats
  2 fungi
  5 plants
1119 creatures vanquished.

Vanquished Creatures (others)
  A harpy (Shoals:4)
  A merfolk (Shoals:4)
  2 yaks (IceCv)
  A fungus (Lair:5)
  13 plants
18 creatures vanquished.

Grand Total: 1137 creatures vanquished

Notes
Turn   | Place    | Note
-------+----------+-------------------------------------------
     0 | D:1      | Azzok the Minotaur Fighter began the quest for the Orb.
     0 | D:1      | Reached XP level 1. HP: 19/19 MP: 0/0
   265 | D:1      | Reached XP level 2. HP: 27/27 MP: 1/1
  1034 | D:2      | Reached skill level 5 in Fighting
  1045 | D:2      | Reached XP level 3. HP: 11/36 MP: 2/2
  1296 | D:2      | Found a deep blue altar of Sif Muna.
  1555 | D:2      | Found a sacrificial altar of Ru.
  1596 | D:2      | Found a shattered altar of Ashenzari.
  1596 | D:2      | Found a glowing silver altar of Zin.
  1603 | D:2      | Found a burning altar of Makhleb.
  1604 | D:2      | Found a stormy altar of Qazlal.
  1607 | D:2      | Found a hide-covered altar of Uskayaw.
  1609 | D:2      | Found a glowing golden altar of the Shining One.
  1959 | D:3      | Found a faded altar of an unknown god.
  2051 | D:3      | Reached XP level 4. HP: 43/44 MP: 3/3
  2099 | D:3      | Noticed Grinder
  2124 | D:3      | Killed Grinder
  2124 | D:3      | Reached XP level 5. HP: 29/53 MP: 4/4
  2605 | D:3      | Reached XP level 6. HP: 56/61 MP: 5/5
  2735 | D:3      | Found a white marble altar of Elyvilon.
  2866 | D:4      | Noticed Sigmund
  2875 | D:4      | Killed Sigmund
  3201 | D:4      | Reached XP level 7. HP: 52/71 MP: 6/6
  3617 | D:4      | Reached skill level 10 in Fighting
  3855 | D:4      | Found a shimmering altar of Xom.
  4172 | D:5      | Entered Level 5 of the Dungeon
  4315 | D:5      | Gained mutation: Your flesh is cold resistant. (rC+) [mutagenic meat]
  4334 | D:5      | Gained mutation: Scrolls take you a little longer to read. [mutagenic meat]
  4335 | D:5      | Gained mutation: You are partially covered in rugged brown scales. (AC +1, +3% HP) [mutagenic meat]
  4336 | D:5      | Lost mutation: Scrolls take you a little longer to read. [mutagenic meat]
  4382 | D:5      | Noticed Edmund
  4461 | D:4      | Killed Edmund
  4461 | D:4      | Reached XP level 8. HP: 24/84 MP: 7/7
  5014 | D:5      | Noticed Duvessa
  5024 | D:5      | Killed Duvessa
  5030 | D:5      | Noticed Dowan
  5052 | D:5      | Killed Dowan
  5374 | D:6      | Found a staircase to the Ecumenical Temple.
  5383 | Temple   | Entered the Ecumenical Temple
  5456 | Temple   | Became a worshipper of Warmaster Okawaru
  5601 | D:6      | Reached skill level 1 in Invocations
  5858 | D:6      | Reached XP level 9. HP: 59/94 MP: 10/10
  6032 | D:6      | Found Foebuer's Gadget Emporium.
  6480 | D:7      | Reached * piety under Okawaru
  6695 | D:7      | Found a runed door.
  6790 | D:7      | Noticed Crazy Yiuf
  6797 | D:7      | Killed Crazy Yiuf
  7137 | D:7      | Found an ancient bone altar of Kikubaaqudgha.
  7402 | D:8      | Reached skill level 5 in Invocations
  7553 | D:8      | Noticed an elephant
  7576 | D:8      | Killed an elephant
  7576 | D:8      | Reached ** piety under Okawaru
  7755 | D:8      | Found a staircase to the Lair.
  7988 | D:8      | Reached XP level 10. HP: 106/106 MP: 13/13
  8662 | D:9      | Reached skill level 15 in Fighting
  9077 | D:9      | Reached *** piety under Okawaru
  9230 | D:9      | Reached skill level 1 in Bows
  9412 | D:9      | Learned a level 2 spell: Blink
  9415 | D:9      | Learned a level 2 spell: Repel Missiles
  9546 | D:9      | Reached skill level 2 in Bows
  9675 | D:10     | Entered Level 10 of the Dungeon
  9812 | D:10     | Reached skill level 3 in Bows
 10003 | D:10     | Noticed a hill giant
 10016 | D:10     | Killed a hill giant
 10016 | D:10     | Reached **** piety under Okawaru
 10016 | D:10     | Reached skill level 4 in Bows
 10085 | D:10     | Paralysed by fainting for 12 turns
 10184 | D:10     | Found a roughly hewn altar of Beogh.
 10184 | D:10     | Found a staircase to the Orcish Mines.
 10228 | D:10     | Reached skill level 5 in Bows
 10406 | D:10     | Received a gift from Okawaru
 10527 | D:10     | Noticed a hill giant
 10631 | D:10     | Killed a hill giant
 10631 | D:10     | Received a gift from Okawaru
 10832 | D:10     | Reached skill level 6 in Bows
 10832 | D:10     | Reached XP level 11. HP: 103/114 MP: 15/17
 11322 | Lair:1   | Entered Level 1 of the Lair of Beasts
 11487 | Lair:1   | Reached ***** piety under Okawaru
 11785 | Lair:1   | Reached skill level 7 in Bows
 11827 | Lair:1   | Reached skill level 10 in Invocations
 12363 | Lair:1   | Reached skill level 8 in Bows
 13023 | Lair:2   | Reached skill level 9 in Bows
 13097 | Lair:2   | Found a staircase to the Shoals.
 13291 | Lair:2   | Received a gift from Okawaru
 13438 | Lair:2   | Noticed a four-headed hydra
 13477 | Lair:2   | Killed a four-headed hydra
 13477 | Lair:2   | Reached skill level 10 in Bows
 13939 | Lair:2   | Reached skill level 11 in Bows
 14365 | Lair:3   | Reached XP level 12. HP: 109/121 MP: 18/18
 14545 | Lair:3   | Found a hole to the Spider Nest.
 14561 | Lair:3   | Reached skill level 12 in Bows
 15349 | Lair:4   | Reached skill level 13 in Bows
 15650 | Lair:4   | Received a gift from Okawaru
 15727 | Lair:4   | Reached skill level 14 in Bows
 16422 | Lair:5   | Noticed a four-headed hydra
 16431 | Lair:5   | Killed an eight-headed hydra
 16431 | Lair:5   | Received a gift from Okawaru
 16519 | Lair:5   | Found a staircase to the Slime Pits.
 16521 | Lair:5   | Found a viscous altar of Jiyva.
 16746 | Lair:5   | Received a gift from Okawaru
 16749 | Lair:5   | Reached skill level 15 in Bows
 16802 | Lair:5   | Noticed a five-headed hydra
 17024 | Lair:5   | Killed a five-headed hydra
 17024 | Lair:5   | Reached ****** piety under Okawaru
 17224 | Lair:5   | Noticed an eight-headed hydra
 17471 | Lair:5   | Killed an eight-headed hydra
 17613 | Lair:5   | Reached XP level 13. HP: 114/128 MP: 19/19
 17675 | Lair:5   | Received a gift from Okawaru
 17678 | Lair:5   | Got a twisted cloak {god gift}
 17689 | Lair:5   | Identified the +0 cloak of the Onion {rElec rN++} (Okawaru gifted it to you on level 5 of the Lair of Beasts)
 18321 | Lair:6   | Entered Level 6 of the Lair of Beasts
 18330 | Lair:6   | Reached skill level 16 in Bows
 19755 | D:11     | Noticed tognito's ghost (novice MiBe)
 19757 | D:11     | Reached skill level 17 in Bows
 19823 | D:11     | Killed tognito's ghost
 20024 | D:11     | Received a gift from Okawaru
 20138 | D:11     | Found a bloodstained altar of Trog.
 20567 | D:12     | Received a gift from Okawaru
 20693 | D:12     | Reached skill level 18 in Bows
 20743 | D:12     | Found a frozen archway.
 20753 | D:12     | Received a gift from Okawaru
 20832 | IceCv    | Entered an ice cave
 20852 | IceCv    | Received a gift from Okawaru
 21088 | IceCv    | Reached XP level 14. HP: 129/138 MP: 20/20
 21426 | IceCv    | Noticed Azzok's ghost (journeyman MiFi)
 21437 | IceCv    | Reached skill level 19 in Bows
 21477 | IceCv    | Killed Azzok's ghost
 21903 | IceCv    | Got a sparkling glass ring
 21915 | IceCv    | Identified the ring of Caasos {rCorr rElec Int+3} (You found it in an ice cave)
 22569 | D:12     | Received a gift from Okawaru
 22594 | D:12     | Found a runed door.
 23163 | Lair:6   | Reached skill level 20 in Bows
 23487 | Lair:6   | Received a gift from Okawaru
 24034 | Lair:6   | Found a runed door.
 24247 | Lair:6   | Paralysed by a hornet for 2 turns
 24780 | Lair:6   | Reached skill level 21 in Bows
 25061 | D:13     | Found a labyrinth entrance.
 25073 | Lab      | Entered a labyrinth
 26136 | Lab      | Received a gift from Okawaru
 26145 | D:13     | Noticed Frances
 26164 | D:13     | Killed Frances
 26164 | D:13     | Received a gift from Okawaru
 26303 | D:13     | Reached XP level 15. HP: 143/144 MP: 21/21
 27223 | D:12     | Received a gift from Okawaru
 27544 | D:12     | Reached skill level 22 in Bows
 27781 | D:12     | Got an ichor-stained spear
 27782 | D:12     | Identified Jonecs Igin's Guide on Ghastly Air
 27786 | D:12     | Got a fine turquoise ring
 27802 | D:12     | Identified the ring "Sueb" {Ice Slay+2} (You found it on level 12 of the Dungeon)
 27804 | D:12     | Identified the +6 spear "Alerial" {pierce, Fragile +Rage rF+++ rC+} (You found it on level 12 of the Dungeon)
 27811 | D:12     | Learned a level 2 spell: Swiftness
 27816 | D:12     | Learned a level 4 spell: Passage of Golubria
 27977 | D:13     | Found a gate to the Vaults.
 28147 | D:14     | Received a gift from Okawaru
 28168 | D:14     | Received a gift from Okawaru
 28392 | D:14     | Got a fine short sword
 28395 | D:14     | Got a dazzling hand axe
 28400 | D:14     | Identified the +10 hand axe of Disaster {chop, Int+4} (You found it on level 14 of the Dungeon)
 28406 | D:14     | Found a sacrificial altar of Ru.
 28488 | D:14     | Received a gift from Okawaru
 28941 | D:15     | Entered Level 15 of the Dungeon
 29266 | D:15     | Received a gift from Okawaru
 29337 | D:15     | Reached skill level 23 in Bows
 29953 | D:15     | Found a staircase to the Depths.
 30125 | D:15     | Received a gift from Okawaru
 30393 | Orc:1    | Entered Level 1 of the Orcish Mines
 30762 | Orc:2    | Entered Level 2 of the Orcish Mines
 30774 | Orc:1    | Reached XP level 16. HP: 106/152 MP: 22/22
 31583 | Orc:2    | Found a staircase to the Elven Halls.
 32188 | Orc:2    | Found a roughly hewn altar of Beogh.
 32311 | Orc:2    | Found Gysyxag's Distillery.
 32335 | Orc:2    | Bought a potion of heal wounds for 60 gold pieces
 32335 | Orc:2    | Bought a potion of degeneration for 12 gold pieces
 32432 | Orc:2    | Found Cyschepp's Jewellery Emporium.
 32453 | Orc:2    | Bought a cursed amulet of inaccuracy for 22 gold pieces
 32508 | Orc:2    | Reached skill level 24 in Bows
 32512 | Orc:2    | Noticed Rupert
 32527 | Orc:2    | Killed Rupert
 32951 | Orc:2    | Received a gift from Okawaru
 33046 | Orc:2    | Found a roughly hewn altar of Beogh.
 33238 | Orc:2    | Found Neunac's Magic Scroll Boutique.
 33248 | Orc:2    | Bought a scroll of identify for 32 gold pieces
 33248 | Orc:2    | Bought a scroll of identify for 32 gold pieces
 33248 | Orc:2    | Bought a scroll of identify for 32 gold pieces
 33248 | Orc:2    | Bought a scroll of acquirement for 832 gold pieces
 33254 | Orc:2    | Found Coamar's Assorted Antiques.
 33760 | Orc:1    | Found a roughly hewn altar of Beogh.
 34011 | Depths:1 | Entered Level 1 of the Depths
 34013 | Depths:1 | Got a fine steel amulet
 34016 | D:15     | Identified the amulet "Kapenuy" {+Rage rC+ Dex+4} (You acquired it on level 1 of the Depths)
 34257 | Lair:1   | Identified the +3 short sword "Bygots Umma" {drain, rElec rN++ Str-5} (You found it on level 14 of the Dungeon)
 34310 | Shoals:1 | Entered Level 1 of the Shoals
 34372 | Shoals:1 | Found Vuelucs's Antique Weapon Emporium.
 36385 | Shoals:3 | Reached skill level 25 in Bows
 36403 | Shoals:3 | Found Venac's Jewellery Shoppe.
 36766 | Shoals:3 | Noticed Ilsuiw
 36771 | Shoals:3 | Received a gift from Okawaru
 36880 | Shoals:3 | Killed Ilsuiw
 37349 | Shoals:4 | Entered Level 4 of the Shoals
 37869 | Shoals:3 | Reached XP level 17. HP: 139/159 MP: 23/23
 38202 | Shoals:4 | Received a gift from Okawaru
 38525 | Shoals:4 | Received a gift from Okawaru
 38541 | Shoals:4 | Reached skill level 26 in Bows
 38544 | Shoals:4 | HP: 6/159 [water nymph/the raging water (30)]
 38547 | Shoals:4 | Killed from afar by a water nymph

Skill      XL: |  1  2  3  4  5  6  7  8  9 10 11 12 13 14 15 16 17 |
---------------+----------------------------------------------------+-----
Fighting       | 4 5 8 9 11 13 14 15 | 15.1
Invocations    | 3 6 9 10 | 10.0
Bows           | 6 11 15 18 21 23 25 26 | 26.0
Long Blades    | |  2.4
Armour         | |  3.6
Shields        | |  3.6

Action                   |  1- 3 |  4- 6 |  7- 9 | 10-12 | 13-15 | 16-18 || total
-------------------------+-------+-------+-------+-------+-------+-------++-------
Melee: Long sword        |    97 |   104 |   480 |    25 |       |       ||   706
       Headbutt          |    14 |    21 |   113 |   203 |    18 |       ||   369
       Spear             |       |       |       |   691 |       |       ||   691
       Hand axe          |       |       |       |   209 |       |       ||   209
       Shortbow          |       |       |       |       |     2 |       ||     2
       Quarterstaff      |       |       |       |       |    25 |       ||    25
       Longbow           |       |       |       |       |     4 |       ||     4
       Glaive            |       |       |       |       |    18 |       ||    18
 Fire: Shortbow          |       |       |       |    59 |   576 |       ||   635
       Longbow           |       |       |       |       |  1074 |   755 ||  1829
Invok: Heroism           |       |       |       |     4 |     4 |     1 ||     9
       Finesse           |       |       |       |     1 |     1 |     1 ||     3
 Abil: Evoke Flight      |       |       |       |       |     1 |     5 ||     6
       Stop Flying       |       |       |       |       |     1 |       ||     1
Evoke: Wand              |       |       |     1 |    15 |     2 |       ||    18
       Rod               |       |       |       |     4 |       |       ||     4
  Use: Scroll            |       |       |     1 |    17 |    19 |     7 ||    44
       Potion            |       |       |       |     2 |       |       ||     2
  Eat: Chunk             |     4 |     2 |    23 |    36 |    36 |    22 ||   123
       Fruit             |       |       |     1 |     1 |     5 |     3 ||    10
       Beef jerky        |       |       |       |     1 |       |       ||     1
Armor: Scale mail        |    52 |    66 |     7 |       |       |       ||   125
       Plate armour      |       |       |   266 |   538 |   391 |    21 ||  1216
       Chain mail        |       |       |       |       |       |    99 ||    99
Dodge: Dodged            |    42 |    41 |    74 |   242 |   222 |    94 ||   715
Block: Shield            |    61 |    83 |   226 |   430 |       |       ||   800
       Rpst.: Long sword |     9 |     6 |    26 |     1 |       |       ||    42
